 Dungeon Crawl Stone Soup version 0.21.1-1-g345015f (webtiles) character file.

660 asishallab the Insei (level 7, -1/57 HPs)
             Began as a Hill Orc Monk on May 1, 2018.
             Was a Follower of Fedhas.
             Engulfed by a cloud of flame (15 damage)
             ... on level 5 of the Dungeon on May 13, 2018.
             The game lasted 00:17:07 (3851 turns).

asishallab the Insei (Hill Orc Monk)                Turns: 3851, Time: 00:17:08

Health: -1/57      AC: 10    Str: 14    XL:     7   Next: 56%
Magic:  10/10      EV: 11    Int: 10    God:    Fedhas [*.....]
Gold:   183        SH:  0    Dex: 15    Spells: 6/6 levels left

rFire    . . .     SeeInvis .     - Unarmed
rCold    . . .     Gourm    .   (no shield)
rNeg     . . .     Faith    .   f - +0 scale mail
rPois    .         Spirit   .   q - +0 helmet
rElec    .         Reflect  .   (no cloak)
rCorr    .         Harm     .   h - +1 pair of gloves
MR       .....                  o - +0 pair of boots (curse)
Stlth    +.........             e - amulet of regeneration
HPRegen  0.59/turn              n - ring of wizardry
MPRegen  0.12/turn              (no ring)

@: no status effects
A: no striking features
a: Fungal Bloom, Evolution, Renounce Religion, Convert to Beogh


You were on level 5 of the Dungeon.
You worshipped Fedhas.
Fedhas was aware of your devotion.
You were not hungry.

You visited 2 branches of the dungeon, and saw 6 of its levels.

You collected 183 gold pieces.

Inventory:

Missiles
 j - 136 stones (quivered)
Armour
 f - a +0 scale mail (worn)
 h - a +1 pair of gloves (worn)
 o - a cursed +0 pair of boots (worn)
 q - a +0 helmet (worn)
Jewellery
 a - an uncursed amulet of magic regeneration
 e - an amulet of regeneration (around neck)
 n - a ring of wizardry (left hand)
Scrolls
 d - 5 scrolls of teleportation
 g - 2 scrolls of remove curse
 m - a scroll of amnesia
 s - a scroll of fear
 t - a scroll of blinking
Potions
 c - a potion of curing {unknown}
 k - 3 potions of lignification
 p - a potion of agility {unknown}
 u - 2 potions of ambrosia
Comestibles
 b - 5 rations
 x - 2 chunks of flesh


   Skills:
 - Level 3.6 Fighting
 + Level 4.9 Dodging
 - Level 1.5 Stealth
 + Level 6.5 Unarmed Combat
 + Level 4.0 Invocations


You had 6 spell levels left.
You didn't know any spells.

Dungeon Overview and Level Annotations

Branches:
Dungeon (5/15)             Temple (1/1) D:4

Altars:
Cheibriados
Dithmenos
Elyvilon
Fedhas
Gozag
Hepliaklqana
Kikubaaqudgha
Makhleb
Nemelex Xobeh
Okawaru
Qazlal
Ru
Trog
Vehumet
Wu Jian
Xom
Yredelemnul
Zin
The Shining One


Message History

Your wandering mushroom completely misses the orc.
An orc and an orc priest come into view.
The orc priest is wielding a mace of holy wrath.
The orc hits your wandering mushroom with a club.
Your wandering mushroom explodes!
Fedhas protects your plant from harm. The fiery explosion engulfs you!
The fiery explosion engulfs the orc.
You kill the orc!
You feel a little guilty.
You hear a shout!
An orc priest comes into view. It is wielding a dagger.
You are engulfed in blazing flames.
* * * LOW HITPOINT WARNING * * *
The orc priest shouts!
The orc hits you but does no damage.
The orc throws a stone.
The stone closely misses you.
The stone hits your wandering mushroom but does no damage.
You barely miss the orc.
You are engulfed in blazing flames.
You die...
Fedhas appreciates your contribution to the ecosystem.

.......### ....... .#
.....##.# ##....#.#
##.......######
#.<............
#....§§o../....
#[[)f§@§.oo....
#####..[f(§..o..(.
#>..[÷<..S.....(..
..??...##...........o(.
.....#. #..........##..
.... #. #.......#### .
... #............ ..
.........###.# .
####.#..... ...


You could see 2 orc priests, an adder, 3 orcs and 2 friendly wandering
mushrooms.

Vanquished Creatures
  A bullfrog (D:3)
  The ghost of Duermok the Digger, a weakling DgEE (D:3)
  A hound (D:4)
  An orc priest (D:5)
  An orc wizard (D:4)
  An iguana (D:4)
  Terence (D:2)
  2 worker ants (D:4)
  3 gnolls (D:4)
  An adder (D:2)
  An ooze (D:4)
  An adder skeleton (D:4)
  5 worms
  2 dart slugs (D:1)
  A leopard gecko (D:5)
  8 orcs
  5 giant cockroaches
  6 goblins
  9 hobgoblins
  3 jackals (D:2)
  2 quokkas
  2 ball pythons (D:3)
  6 bats
  4 frilled lizards
  A jackal skeleton (D:4)
  4 kobolds
  A quokka skeleton (D:4)
  8 rats (D:2)
82 creatures vanquished.

Vanquished Creatures (collateral kills)
  The ghost of Chrigeo the Cudgeler, an amateur GrFi (D:4)
  A gnoll shaman (D:4)
  4 orc wizards
  3 worker ants (D:4)
  An adder (D:4)
  4 gnolls (D:4)
  A leopard gecko (D:5)
  8 orcs
  A giant cockroach (D:5)
  A quokka (D:5)
25 creatures vanquished.

Vanquished Creatures (others)
  A wandering mushroom (D:5)
  An orc wizard (D:4)
  10 toadstools
12 creatures vanquished.

Grand Total: 119 creatures vanquished

Notes
Turn   | Place    | Note
-------+----------+-------------------------------------------
     0 | D:1      | asishallab the Hill Orc Monk began the quest for the Orb.
     0 | D:1      | Reached XP level 1. HP: 19/19 MP: 1/1
   485 | D:1      | Reached XP level 2. HP: 26/26 MP: 2/2
  1175 | D:2      | Reached skill level 4 in Unarmed Combat
  1175 | D:2      | Reached XP level 3. HP: 29/31 MP: 3/3
  1252 | D:2      | Noticed Terence
  1286 | D:2      | Killed Terence
  1286 | D:2      | Reached XP level 4. HP: 20/39 MP: 4/4
  1908 | D:3      | Noticed a bullfrog
  1918 | D:3      | Killed a bullfrog
  1918 | D:3      | Reached skill level 5 in Unarmed Combat
  1918 | D:3      | Reached XP level 5. HP: 45/45 MP: 5/5
  1941 | D:3      | Noticed Duermok's ghost (weakling DgEE)
  1973 | D:3      | Killed Duermok's ghost
  2143 | D:3      | Found a stormy altar of Qazlal.
  2260 | D:3      | Found a blossoming altar of Fedhas.
  2282 | D:3      | Became a worshipper of Fedhas Madash
  2282 | D:3      | Reached * piety under Fedhas
  2282 | D:3      | Reached ** piety under Fedhas
  2609 | D:4      | Reached XP level 6. HP: 51/51 MP: 6/6
  2650 | D:4      | Reached skill level 1 in Invocations
  2846 | D:4      | Reached skill level 6 in Unarmed Combat
  2857 | D:4      | Reached XP level 7. HP: 47/57 MP: 1/9
  2880 | D:4      | Noticed Chrigeo's ghost (amateur GrFi)
  2887 | D:4      | Killed Chrigeo's ghost
  3394 | D:4      | Found a staircase to the Ecumenical Temple.
  3402 | Temple   | Entered the Ecumenical Temple
  3702 | D:5      | Entered Level 5 of the Dungeon
  3851 | D:5      | Engulfed by a cloud of flame

Skill      XL: |  1  2  3  4  5  6  7 |
---------------+----------------------+-----
Dodging        | 3 4 |  4.9
Unarmed Combat | 4 5 6 |  6.5
Invocations    | 2 4 |  4.0
Fighting       | |  3.6
Stealth        | |  1.5

Action                   |  1- 3 |  4- 6 |  7- 9 || total
-------------------------+-------+-------+-------++-------
Melee: Unarmed           |   114 |   247 |    36 ||   397
       Punch             |     4 |     1 |     1 ||     6
Throw: Stone             |     5 |       |    11 ||    16
       Tomahawk          |       |       |     2 ||     2
Invok: Fungal Bloom      |       |     5 |     5 ||    10
       Evolution         |       |     3 |     5 ||     8
       Sunlight          |       |     2 |       ||     2
  Use: Scroll            |     3 |     5 |     5 ||    13
       Potion            |     3 |     4 |       ||     7
 Stab: Sleeping          |     1 |       |       ||     1
       Confused          |       |     1 |       ||     1
  Eat: Chunk             |     1 |     5 |     4 ||    10
Armor: Robe              |    19 |       |       ||    19
       Leather armour    |    17 |       |       ||    17
       Scale mail        |       |   110 |    15 ||   125
Dodge: Dodged            |    84 |   145 |    25 ||   254
